 Dungeon Crawl Stone Soup version 0.16.1-18-g436b03c (webtiles) character file.

173 drasked the Chopper (level 5, 0/48 HPs)
             Began as a Gargoyle Berserker on Apr 29, 2015.
             Was a Priest of Trog.
             Hit by a tomahawk thrown by an orc (4 damage)
             ... on level 3 of the Dungeon.
             The game lasted 00:02:25 (2394 turns).

drasked the Chopper (Gargoyle Berserker)            Turns: 2394, Time: 00:02:25

Health: 0/48       AC:  9    Str: 26    XL:     5   Next: 53%
Magic:  5/5        EV: 11    Int:  8    God:    Trog [***...]
Gold:   0          SH:  0    Dex:  9    Spells: 0 memorised, 4 levels left

rFire  . . .     SeeInvis .     Y - +0 hand axe
rCold  . . .     Clarity  .     i - +0 ring mail
rNeg   + . .     SustAb   .     (no shield)
rPois  ∞         Gourm    .     (no helmet)
rElec  +         Spirit   .     (no cloak)
rCorr  .         Warding  .     (no gloves)
rMut   .         Stasis   .     (no boots)
MR     .....                    (no amulet)
Stlth  ..........               (no ring)
                                (no ring)

@: berserking, very quick, not resistant to hostile enchantments, extremely
unstealthy
A: negative energy resistance 1, electricity resistance, unbreathing,
petrification resistance, rot immunity, AC +4
a: Burn Spellbooks, Berserk, Trog's Hand, Renounce Religion


You were on level 3 of the Dungeon.
You worshipped Trog.
Trog was most pleased with you.
You were not hungry.

You visited 1 branch of the dungeon, and saw 3 of its levels.


Innate Abilities, Weirdness & Mutations

You are resistant to torment.
You are immune to poison.
Your stone body is very resilient (AC +4).
You resist negative energy.
You are resistant to electric shocks.
You can survive without breathing.
You are immune to petrification.
You are immune to rotting.


   Skills:
 - Level 3.2 Fighting
 + Level 5.5 Axes
 - Level 2.1 Armour
 - Level 1.5 Dodging


You had 4 spell levels left.
You didn't know any spells.

Inventory:

Hand weapons
 Y - a +0 hand axe (weapon)
Armour
 i - a +0 ring mail (worn)
Jewellery
 a - an uncursed ring of fire {unknown}
 n - an uncursed ring of poison resistance {unknown}
Scrolls
 d - a scroll of noise {unknown}
Potions
 f - a potion of agility {unknown}
Comestibles
 b - a chunk of flesh
 c - a beef jerky
 l - a royal jelly

Dungeon Overview and Level Annotations

Branches:
Dungeon (3/15)

Altars:
Ashenzari


Message History

The orc priest hits you but does no damage. x2
You hit the orc priest.
The orc priest is almost dead.
You hit the orc priest.
The orc priest is almost dead.
The orc priest hits you but does no damage.
The orc priest closely misses you.
You slash the orc priest!
You feel the power of Trog in you as your rage grows.
You kill the orc priest!
Trog accepts your kill.
You have reached level 5!
You hit the orc priest.
You kill the orc priest!
Trog accepts your kill.
You slash the giant cockroach!
You kill the giant cockroach!
Trog accepts your kill.
The orc throws a tomahawk.
The tomahawk hits you.
You die...

######.# #..
#......# #..
##.####### ##..
#.# ..#... #.#
.#..# #.# ...#
#.# ##.###.o# #
#.# .......[[#
... #.#
###@#...... #.#
#........... #.#
##.#.#.#.#..
##.#####.##.#.#.#
#......#.##.#.# #
#........##.#.#
##.###.####.#.#
#.# #.# #.#.# #.#
#.####.#.#


You could see an orc.

Vanquished Creatures
  2 orc priests (D:3)
  3 adders
  A giant mite (D:2)
  2 worms
  3 giant geckos
  An ooze (D:1)
  4 orcs (D:3)
  8 bats
  5 giant cockroaches
  8 goblins
  5 hobgoblins
  6 jackals (D:1)
  2 ball pythons
  5 giant newts
  5 kobolds
  3 rats
63 creatures vanquished.

Notes
Turn   | Place    | Note
--------------------------------------------------------------
     0 | D:1      | drasked, the Gargoyle Berserker, began the quest for the Orb.
     0 | D:1      | Reached XP level 1. HP: 14/14 MP: 1/1
     0 | D:1      | 0 ||| counter = 19
   111 | D:1      | Reached skill level 3 in Axes
   193 | D:1      | Reached XP level 2. HP: 14/19 MP: 2/2
   221 | D:1      | 221 ||| INVOKING Berserk.
   500 | D:1      | Reached XP level 3. HP: 23/23 MP: 3/3
   502 | D:1      | Acquired Trog's second power
   841 | D:1      | 841 ||| UPGRADING to ring mail.
   851 | D:1      | 851 ||| DROPPING +0 animal skin.
   852 | D:1      | 852 ||| READING 2 scrolls labeled MNICRA REOSHI.
   853 | D:1      | 853 ||| READING scroll labeled UCEUREOJIH.
   854 | D:1      | 854 ||| READING scroll labeled NAPLAG MEFOZYD.
   855 | D:1      | 855 ||| READING scroll labeled KLIYSHR EFISS.
   856 | D:1      | 856 ||| READING scroll labeled KLULLI QOXZARI.
   857 | D:1      | 857 ||| DRINKING 2 glowing green potions.
   858 | D:1      | 858 ||| READING scroll of identify.
   858 | D:1      | 858 ||| IDENTIFYING diamond ring
   859 | D:1      | 859 ||| DROPPING ring of stealth.
   880 | D:1      | 880 ||| EATING bread ration.
   931 | D:2      | 931 ||| STAIRDANCE
   944 | D:2      | 944 ||| STAIRDANCE
   998 | D:2      | Reached skill level 4 in Axes
  1429 | D:2      | 1429 ||| INVOKING Berserk.
  1546 | D:2      | Found a shattered altar of Ashenzari.
  1595 | D:2      | Reached XP level 4. HP: 24/28 MP: 4/4
  1911 | D:2      | 1911 ||| EATING slice of pizza.
  2100 | D:2      | 2100 ||| READING scroll labeled BYERHU TOUSE.
  2116 | D:3      | 2116 ||| STAIRDANCE
  2318 | D:3      | Reached skill level 5 in Axes
  2383 | D:3      | 2383 ||| INVOKING Berserk.
  2386 | D:3      | HP: 3/42 [orc priest/divine providence (12)]
  2393 | D:3      | Reached XP level 5. HP: 4/32 MP: 5/5
  2394 | D:3      | Hit by a tomahawk thrown by an orc

Vault maps used:
D:1:      kilobyte_arrival_exit_the_forest
D:2:      ashenzari_conservatory_becter

Action                   |  1- 3 |  4- 6 || total
-------------------------+-------+-------++-------
Melee: Hand axe          |   170 |    72 ||   242
Invok: Berserk           |     2 |     1 ||     3
  Use: Scroll            |     6 |     1 ||     7
       Potion            |     1 |       ||     1
  Eat: Bread ration      |     1 |       ||     1
       Pizza             |       |     1 ||     1
       Chunk             |       |     1 ||     1
